 Dungeon Crawl Stone Soup version 0.30-a0-860-g512cf1e979 (webtiles) character file.

Game seed: 10019256567907951222

61 juan097 the Sneak (level 4, -2/29 HPs)
             Began as an Octopode Brigand on Mar 7, 2023.
             Slain by an ice beast (5 damage)
             ... on level 3 of the Dungeon.
             The game lasted 00:02:39 (1758 turns).

juan097 the Sneak (Octopode Brigand)                Turns: 1758, Time: 00:02:40

Health: -2/29      AC:  1    Str: 10    XL:     4   Next: 7%
Magic:  4/4        EV: 13    Int: 13    God:
Gold:   96         SH:  0    Dex: 15    Spells: 3/3 levels left

rFire   . . .      SeeInvis .    a - +2 dagger
rCold   . . .      Faith    .    (no shield)
rNeg    . . .      Spirit   .    (helmet restricted)
rPois   .          Reflect  .    (no amulet)
rElec   .          Rampage  .    j - ring of resist corrosion
rCorr   +                        (no ring)
Will    .....                    (no ring)
Stlth   ++++                     (no ring)
HPRegen 0.24/turn                (no ring)
MPRegen 0.09/turn                (no ring)
                                 (no ring)
                                 (no ring)

@: no status effects
A: almost no armour, amphibious, 8 rings, camouflage 1, gelatinous body 1,
(nimble swimmer 1), tentacles
a: no special abilities


You were on level 3 of the Dungeon.
You visited 1 branch of the dungeon, and saw 3 of its levels.

You collected 96 gold pieces.

Inventory:

Hand Weapons
 a - a +2 dagger (weapon)
 b - a +0 sling
Missiles
 c - 3 curare-tipped darts
 m - 13 poisoned darts (quivered)
Jewellery
 j - a ring of resist corrosion (left tentacle)
Scrolls
 d - 2 scrolls of poison {unknown}
 e - a scroll of enchant armour {unknown}
 h - a scroll of silence {unknown}
 l - 3 scrolls of identify {unknown}
 n - a scroll of immolation {unknown}
 p - a scroll of teleportation {unknown}
Potions
 f - a potion of mutation {unknown}
 g - a potion of heal wounds {unknown}
 i - 2 potions of haste {unknown}
 k - a potion of might {unknown}
 o - a potion of curing {unknown}


   Skills:
 - Level 2.0 Fighting
 * Level 3.6 Short Blades
 - Level 2.0 Throwing
 + Level 2.2 Dodging
 - Level 5.3 Stealth


You had 3 spell levels left.
You didn't know any spells.
Your spell library contained the following spells:

 Spells                   Type           Power      Damage    Failure   Level
 Yara's Violent Unravell  Hex/Tmut       0%         3d3       100%        5
 Enfeeble                 Hex            0%         N/A       100%        7


Dungeon Overview and Level Annotations

Branches:
Dungeon (3/15)

Altars:


Innate Abilities, Weirdness & Mutations

You cannot wear most types of armour.
You are amphibious.
You can wear up to eight rings at the same time.
Your skin changes colour to match your surroundings (Stealth+).
Your rubbery body absorbs attacks. (AC +1, EV +1)
((You are camouflaged when in or above water. (Stealth+)))
You have tentacles for arms and can constrict up to eight enemies at once.


Message History

You see here 7 stones.
You see here a +0 spear.
There is an open door here.
There is an open door here.
Done exploring.
Done exploring.
There is a stone staircase leading down here.
You climb downwards.
There is a stone staircase leading up here.
Press: ? - help, v - describe, . - travel
Here: an ice beast The floor.
The helpless bat fails to defend itself.
You skewer the bat like a kebab!!!
You kill the bat!
Okay, then.
You hit the ice beast. You squeeze the ice beast!
The ice beast is moderately wounded.
The ice beast closely misses you.
You hit the ice beast.
You tentacle-slap the ice beast, but do no damage.
You squeeze the ice beast!
The ice beast is severely wounded.
The ice beast hits you. The ice beast freezes you!
You hit the ice beast but do no damage.
The ice beast is severely wounded.
The ice beast hits you. The ice beast freezes you!
* * * LOW HITPOINT WARNING * * *
You hit the ice beast but do no damage.
The ice beast is severely wounded.
The ice beast closely misses you.
You barely miss the ice beast.
The ice beast is severely wounded.
You barely miss the ice beast.
The ice beast is severely wounded.
The ice beast closely misses you.
You hit the ice beast.
The ice beast is severely wounded.
The ice beast hits you.
You die...

.. #. #.
#. #. ##
#. .#
##†#.#
#..@Y#
+.......#
####....#
##.#.# ##
.# .# .#
.#


You could see an ice beast.

Vanquished Creatures
  An adder (D:2)
  6 endoplasms
  3 giant cockroaches (D:2)
  8 goblins
  6 hobgoblins
  5 quokkas
  A ball python (D:2)
  7 bats
  2 frilled lizards (D:1)
  2 kobolds
  4 rats
45 creatures vanquished.

Notes
Turn   | Place    | Note
-------+----------+-------------------------------------------
     0 | D:1      | juan097 the Octopode Brigand began the quest for the Orb.
     0 | D:1      | Reached XP level 1. HP: 14/14 MP: 1/1
   221 | D:1      | Reached XP level 2. HP: 19/19 MP: 2/2
   404 | D:1      | Reached XP level 3. HP: 24/24 MP: 3/3
  1202 | D:2      | Reached XP level 4. HP: 29/29 MP: 4/4
  1750 | D:3      | Noticed an ice beast
  1758 | D:3      | Slain by an ice beast

Illustrated notes

Levels and vault maps discovered:
D:1:      shiori_shiawase, layout_basic
D:2:      layout_basic, minmay_misc_feat_five, dk_noncrumbling_2
D:3:      layout_loops_corners, minitemple, hangedman_decor_points

Skill      XL: |  1  2  3 |
---------------+----------+-----
Short Blades   | 3 |  3.6
Dodging        | 2 |  2.2
Fighting       | |  2.0
Throwing       | |  2.0
Stealth        | |  5.3

Action                     |  1- 3 |  4- 6 || total
---------------------------+-------+-------++-------
  Melee: Dagger            |    67 |    11 ||    78
         Constrict         |    11 |       ||    11
         Tentacles         |     8 |     2 ||    10
         Punch             |       |     1 ||     1
   Fire: Sling             |     6 |       ||     6
   Stab: Sleeping          |    17 |     3 ||    20
 Armour: Skin              |     4 |     1 ||     5
  Dodge: Dodged            |    30 |     3 ||    33

Table legend: (Time is in decaauts)
 A = Elapsed time spent in this place.
 B = Non-inter-level travel time spent in this place.
 C = Inter-level travel time spent in this place.
 D = Time resting spent in this place.
 E = Time spent auto-exploring this place.
 F = Levels seen in this place.
 G = Mean time per level.
                   A        B        C        D        E       F      G
               +--------+--------+--------+--------+--------+-----+--------+
         Total |   1744 |   1700 |     44 |      0 |   1418 |   3 |  581.3 |
       Dungeon |   1744 |   1700 |     44 |      0 |   1418 |   3 |  581.3 |
               +--------+--------+--------+--------+--------+-----+--------+

Top non-repeatable levels by time:
     D:2: 1198 daAuts
     D:1: 539 daAuts
     D:3: 6 daAuts
